[Event "*** Titled Tuesday 3|2 Blitz"]
[Site "Chess.com"]
[Date "2015.12.01"]
[Round "2"]
[White "Colombiano07"]
[Black "ethylalcohol"]
[Result "1-0"]
[WhiteElo "2107"]
[BlackElo "1828"]
[TimeControl "180+2"]
[EndTime "17:19:57 PST"]
[Termination "Colombiano07 won on time"]

1. d4 d5 2. Nf3 Nf6 3. g3 b6 4. Bg2 Bb7 5. O-O e6 6. c4 Be7 7. Qa4+ c6 8. cxd5 exd5 9. Ne5 O-O 10. Nc3 Nfd7 11. f4 Bf6 12. Be3 Qe7 13. Qb3 g6 14. a4 Bg7 15. a5 f6 16. Nxd7 Qxe3+ 17. Kh1 Nxd7 18. a6 Bc8 19. Bxd5+ cxd5 20. Qxd5+ Kh8 21. Qxa8 Bxa6 22. Qxa7 Bc8 23. Qc7 Qxd4 24. Rad1 Qc5 25. Rxd7 Bxd7 26. Qxd7 h5 27. Qd5 Qb4 28. Qe4 Qxb2 29.
Nd5 Qb5 30. Ne7 Qe8 31. Nxg6+ 1-0

[Event "*** Titled Tuesday 3|2 Blitz"]
[Site "Chess.com"]
[Date "2015.12.01"]
[Round "2"]
[White "JustaTrickstar"]
[Black "wonderfultime"]
[Result "0-1"]
[WhiteElo "2455"]
[BlackElo "2650"]
[TimeControl "180+2"]
[EndTime "17:19:58 PST"]
[Termination "wonderfultime won by resignation"]

1. c4 c6 2. d4 d5 3. Nf3 Nf6 4. Nc3 dxc4 5. a4 Bf5 6. Ne5 Nbd7 7. Nxc4 Qc7 8. g3 e5 9. dxe5 Nxe5 10. Bf4 Nfd7 11.
Bg2 f6 12. Nxe5 fxe5 13. Be3 Nc5 14. O-O Rd8 15. Qe1 Nb3 16. Rd1 Nd4 17. Bg5 Be7 18. Bxe7 Qxe7 19. e3 Nb3 20. Qe2 O-O 21. Be4 Be6 22.
Qh5 g6 23. Qxe5 Nd2 24. Rfe1 Nc4 25. Nd5 cxd5 0-1

[Event "*** Titled Tuesday 3|2 Blitz"]
[Site "Chess.com"]
[Date "2015.12.01"]
[Round "2"]
[White "1stSecond"]
[Black "MITerryble"]
[Result "0-1"]
[WhiteElo "2469"]
[BlackElo "2593"]
[TimeControl "180+2"]
[EndTime "17:19:58 PST"]
[Termination "MITerryble won by resignation"]

1. d4 e6 2. c4 Bb4+ 3. Bd2 Qe7 4. Nc3 Nf6 5. f3 d5 6. a3 Bxc3 7. Bxc3 Nc6 8. e3 O-O 9. Rc1 Rd8 10. cxd5 Nxd5 11. Bd2 e5 12. dxe5 Nxe3 13. Qe2 Nxf1 14. Kxf1 Qxe5 15. Qxe5 Nxe5 16. Bf4 Nd3 17. Bxc7 Re8 18.
Rd1 Nxb2 19. Rd4 Be6 20. Kf2 Rac8 21. Bf4 h6 22. h4 Rc2+ 23. Kg3 Bf5 24. Rd5 Be6 25. Rd4 Nc4 26. a4 Ra2 27. Nh3 Rxa4 28. Rb1 b6 29. Nf2 Ra2 30. Ne4 Na5 31. Rd6 Rc8 32. Rd2 Rxd2 33. Bxd2 Nc4 34. Bc3 Bf5 35. Re1 Bxe4 36. Rxe4 Nd6 0-1

[Event "*** Titled Tuesday 3|2 Blitz"]
[Site "Chess.com"]
[Date "2015.12.01"]
[Round "2"]
[White "DanielNaroditsky"]
[Black "simplerXiao"]
[Result "1-0"]
[WhiteElo "2517"]
[BlackElo "2334"]
[TimeControl "180+2"]
[EndTime "17:20:18 PST"]
[Termination "DanielNaroditsky won by resignation"]

1. d4 Nf6 2. c4 g6 3. Nc3 Bg7 4. e4 d6 5. f3 O-O 6. Nge2 c5 7. Be3 Nc6 8. Qd2 cxd4 9. Nxd4 Nd7 10. Be2 a5 11. Ndb5 Nc5 12. O-O Be6 13. Rac1 Rc8 14. Rfd1 f5 15. exf5 Rxf5 16. f4 Rf8 17. b3 Qe8 18. Bf3 Kh8 19. Nd5 Qf7 20. Qf2 Nb4 21.
Nxb4 axb4 22. Nd4 Bd7 23. Nc2 Bb2 24. Bd4+ Bxd4 25. Qxd4+ Kg8 26. Nxb4 Qxf4 27. Qxf4 Rxf4 28. Nd5 Rf7 29. Nb6 Rd8 30. b4 Na4 31. Nxd7 Rxd7 32. Bd5 Kg7 33. Bxf7 Kxf7 34. Rf1+ Ke8 35. Rf3 e5 36.
Ra3 Nb6 37. c5 Nc8 38. cxd6 Nxd6 39. Rd3 Ke7 40. Rcd1 Ke6 41. a4 e4 42. Rd5 h5 43.
b5 b6 44. a5 bxa5 45. b6 Rd8 46. b7 1-0

[Event "*** Titled Tuesday 3|2 Blitz"]
[Site "Chess.com"]
[Date "2015.12.01"]
[Round "2"]
[White "MisaPap"]
[Black "oskariot"]
[Result "1-0"]
[WhiteElo "2390"]
[BlackElo "2248"]
[TimeControl "180+2"]
[EndTime "17:20:34 PST"]
[Termination "MisaPap won by checkmate"]

1. e4 c5 2. Nf3 d6 3. d4 cxd4 4. Nxd4 Nf6 5. Nc3 Nc6 6. Bg5 Bd7 7.
Bxf6 gxf6 8. Be2 Nxd4 9. Qxd4 Qa5 10. O-O-O Rc8 11. Kb1 Bg7 12. Nd5 Qc5 13. Qd3 Qxf2 14. Rhf1 Qc5 15. g4 Be6 16. h4 Bh6 17. Qb3 b6 18. Ba6 Rd8 19. Rd3 Kf8 20. Rc3 Qd4 21. Bd3 Bxg4 22. Rc7 Be6 23. Rxa7 Bxd5 24. exd5 Rg8 25. a3 Rg1 26. Rxg1 Qxg1+ 27. Ka2 Be3 28. Qc4 Bc5 29. Rb7 Qf2 30. Qe4 Qd4 31. Qxe7+ Kg8 32.
Qxf7+ Kh8 33. Qg7# 1-0

[Event "*** Titled Tuesday 3|2 Blitz"]
[Site "Chess.com"]
[Date "2015.12.01"]
[Round "2"]
[White "gauranga"]
[Black "AnimationDomination"]
[Result "1-0"]
[WhiteElo "2037"]
[BlackElo "1718"]
[TimeControl "180+2"]
[EndTime "17:20:41 PST"]
[Termination "gauranga won by resignation"]

1. b3 d5 2. Bb2 e6 3. Nf3 Nf6 4. g3 Be7 5. Bg2 Nbd7 6. O-O b6 7. d3 Bb7 8. Nbd2 c5 9. c4 Qc7 10. Qc2 O-O 11. e4 d4 12. Rae1 e5 13. Nh4 g6 14.
Qd1 Nh5 15. Nf5 Ndf6 16. Nxe7+ Qxe7 17. Bc1 Ng7 18. f4 Nd7 19. f5 f6 20. fxg6 hxg6 21.
Nf3 Rae8 22. Nh4 Qf7 23. Bh3 Bc8 24. Re2 Nb8 25. Bxc8 Rxc8 26. Ref2 Rc6 27. Qg4 Kh7 28. Qh3 Kg8 29. Bg5 Nd7 30. Bh6 Qe8 31. Qg4 f5 32. exf5 Nf6 33. Qxg6 Qxg6 34. Nxg6 Re8 35. Bxg7 Kxg7 36.
h3 Rg8 37. g4 Kf7 38. Nxe5+ Ke7 39. Nxc6+ 1-0

[Event "*** Titled Tuesday 3|2 Blitz"]
[Site "Chess.com"]
[Date "2015.12.01"]
[Round "2"]
[White "Ar4uha"]
[Black "jefferyx"]
[Result "0-1"]
[WhiteElo "2357"]
[BlackElo "2575"]
[TimeControl "180+2"]
[EndTime "17:20:43 PST"]
[Termination "jefferyx won by resignation"]

1. e4 a6 2. d4 b5 3. Nf3 Bb7 4.
Bd3 e6 5. O-O Nf6 6. Qe2 d5 7.
e5 Nfd7 8. c3 c5 9. Bf4 Nc6 10.
a3 Be7 11. Nbd2 g5 12. Be3 h5 13. Ne1 Qb6 14. dxc5 Bxc5 15. Bxg5 Ncxe5 16. b4 Bd6 17. Be3 Qc7 18. h3 Qxc3 19. Ndf3 Qxa1 20. Bd4 Qc1 21. Nxe5 Nxe5 22. Bxe5 Bxe5 23. Qxe5 Rg8 24. Nf3 Qxa3 25. Qc7 Qxd3 26. Qxb7 Rd8 27. Ne5 Qf5 28. f4 Rg7 29. Rf3 Qc2 30. Rg3 Qc1+ 31. Kh2 Qxf4 32. Qc6+ Kf8 33. Nd7+ Rxd7 34. Qc8+ Ke7 35. Qc5+ Kf6 36.
Qd4+ Qxd4 0-1

[Event "*** Titled Tuesday 3|2 Blitz"]
[Site "Chess.com"]
[Date "2015.12.01"]
[Round "2"]
[White "ItalianMachine"]
[Black "Penguininja"]
[Result "1-0"]
[WhiteElo "2230"]
[BlackElo "2185"]
[TimeControl "180+2"]
[EndTime "17:20:44 PST"]
[Termination "ItalianMachine won by checkmate"]

1. e4 e5 2. Nf3 Nc6 3. Bb5 f5 4. d3 fxe4 5. dxe4 Nf6 6. Nbd2 Bc5 7. O-O d6 8. h3 O-O 9. c3 Be6 10. Ng5 Bf7 11. Nxf7 Kxf7 12. Bc4+ Ke7 13. Nf3 Na5 14. Bd3 Bb6 15. b4 Nc6 16. Bc4 Qd7 17. a4 a6 18.
Qd3 Nd8 19. Nh4 Ne6 20. Nf5+ Kd8 21. Bxe6 Qxe6 22. Nxg7 Qf7 23. Nf5 Nxe4 24. Qxe4 Qxf5 25. Qxb7 Kd7 26. Be3 Ra7 27. Qd5 Rb8 28. a5 c6 29. Qb3 Bxe3 30. fxe3 Qd3 31. Rf7+ Kc8 32. Qe6+ Kd8 33. Rf8+ Kc7 34. Qe7# 1-0

[Event "*** Titled Tuesday 3|2 Blitz"]
[Site "Chess.com"]
[Date "2015.12.01"]
[Round "2"]
[White "gumersindo"]
[Black "Viaje"]
[Result "1-0"]
[WhiteElo "2207"]
[BlackElo "2183"]
[TimeControl "180+2"]
[EndTime "17:21:20 PST"]
[Termination "gumersindo won by checkmate"]

1. d4 Nf6 2. c4 c5 3. d5 b5 4. cxb5 a6 5. bxa6 g6 6. Nc3 Bg7 7. e4 O-O 8. Nf3 Qa5 9. Bd2 Bxa6 10. Bxa6 Qxa6 11. Qe2 e6 12. dxe6 fxe6 13. Qxa6 Nxa6 14. O-O Nb4 15. a3 Nd3 16. Rab1 Rfb8 17. b4 cxb4 18. axb4 Nxb4 19. Bf4 Rc8 20. Nb5 Nd3 21. Be3 Nxe4 22.
Rfd1 Ndc5 23. Nd6 Nxd6 24. Rxd6 Ra7 25. g3 Bf8 26. Rdd1 d6 27. Rbc1 Rac7 28. Kg2 h6 29. h4 Kf7 30. h5 g5 31. Nh2 Ne4 32. Ra1 Rc2 33. Ra7+ R8c7 34. Ra8 Nf6 35. g4 R7c3 36. Bd4 Rc7 37. Rxf8+ Kxf8 38. Bxf6 d5 39. Be5 Rb7 40. Bg3 Kf7 41. Nf3 Rbb2 42. Ne5+ Kf6 43. Nd3 Ra2 44. Nb4 Rab2 45. Nd3 Rb3 46. Be5+ Kf7 47. Ne1 Re2 48. Bg3 Rb4 49. Nd3 Rb3 50. Ne5+ Kf6 51. Nf3 Rb4 52. Rc1 Rxg4 53. Rc6 Rge4 54. Rc8 g4 55. Nh2 Kg5 56. Rg8+ Kxh5 57. Nf1 d4 58. Bd6 d3 59. Ng3+ Kh4 60.
Be7# 1-0

[Event "*** Titled Tuesday 3|2 Blitz"]
[Site "Chess.com"]
[Date "2015.12.01"]
[Round "2"]
[White "KnightSeeSix"]
[Black "tigra"]
[Result "0-1"]
[WhiteElo "2164"]
[BlackElo "2277"]
[TimeControl "180+2"]
[EndTime "17:21:28 PST"]
[Termination "tigra won by checkmate"]

1. e4 c5 2. Nf3 Nc6 3. d4 cxd4 4. Nxd4 g6 5. Be2 Bg7 6. Nxc6 bxc6 7. O-O d5 8. Bf3 Nf6 9. exd5 cxd5 10. c4 e6 11. Nc3 Bb7 12. Bg5 O-O 13. cxd5 exd5 14. Qb3 Ba6 15.
Rfd1 Bc4 16. Qa4 h6 17. Bxf6 Qxf6 18. Nxd5 Bxd5 19. Bxd5 Rad8 20. Rab1 Qf5 21. Bf3 Bd4 22. b4 Rfe8 23. Re1 Re5 24. Rbd1 Kg7 25. Rxe5 Qxe5 26.
Qb3 Rc8 27. Qd3 Bb6 28. Qb3 h5 29. h3 h4 30. a4 Bc7 31. Qd5 Qh2+ 32. Kf1 Re8 33.
Be4 Qh1+ 34. Ke2 Qxg2 35. Kd3 Qxh3+ 36. Kc4 Be5 37. Qc6 Rc8 38. Rd5 Rxc6+ 39. Kb5 Qc8 40. Rxe5 Qa6# 0-1

[Event "*** Titled Tuesday 3|2 Blitz"]
[Site "Chess.com"]
[Date "2015.12.01"]
[Round "2"]
[White "norwaytoadog"]
[Black "Assasin14"]
[Result "0-1"]
[WhiteElo "1899"]
[BlackElo "1894"]
[TimeControl "180+2"]
[EndTime "17:21:37 PST"]
[Termination "Assasin14 won on time"]

1. e4 c5 2. Nc3 Nc6 3. f4 g6 4. Nf3 Bg7 5. Bb5 Nd4 6. O-O a6 7. Bd3 d6 8. Nxd4 cxd4 9. Ne2 Nf6 10. b3 O-O 11. Bb2 e5 12. Qe1 b5 13. a4 Bb7 14. Ng3 Qb6 15. f5 d5 16. fxg6 hxg6 17. Qe2 b4 18. a5 Qc6 19. exd5 Nxd5 20. Be4 f5 21. Bxd5+ Qxd5 22. Qc4 Rac8 23. Qxd5+ Bxd5 24. Rfc1 Bh6 25. Nf1 Rc5 26. Ra4 Rb5 27. g3 Rc8 28.
Kf2 Kf7 29. Ke2 Ke6 30. h4 Be4 31. Nh2 Rxc2 32. Rxc2 Bxc2 33. Ra1 d3+ 34. Ke1 Bxb3 35. Rc1 Bc2 36. Nf3 Rxa5 37. Ra1 Rxa1+ 38. Bxa1 Bg7 39. Kf2 a5 40. Ke3 a4 41. Ne1 a3 42. Nf3 b3 0-1

[Event "*** Titled Tuesday 3|2 Blitz"]
[Site "Chess.com"]
[Date "2015.12.01"]
[Round "2"]
[White "Cararay"]
[Black "AdrianaNikolova"]
[Result "1-0"]
[WhiteElo "2221"]
[BlackElo "2186"]
[TimeControl "180+2"]
[EndTime "17:21:41 PST"]
[Termination "Cararay won by checkmate"]

1. c4 e5 2. Nc3 Nf6 3. Nf3 Nc6 4. e3 d5 5. cxd5 Nxd5 6. Bb5 Nxc3 7. bxc3 Bd6 8. d4 e4 9. Nd2 Qg5 10. Bf1 Qg6 11. g3 Bg4 12. Be2 Bh3 13. Qc2 f5 14. a4 O-O 15. Ba3 Rad8 16. Bxd6 cxd6 17. Qb3+ d5 18. c4 Na5 19. Qb4 Nxc4 20. Nxc4 dxc4 21. Qxc4+ Kh8 22. Bf1 Bxf1 23. Kxf1 Rc8 24. Qe2 Rc3 25.
Kg2 f4 26. exf4 e3 27. Rac1 Rfc8 28. Rxc3 Rxc3 29. Re1 h6 30. Kg1 exf2+ 31. Qxf2 Qc6 32. f5 Rc2 33. Qf1 Ra2 34. f6 gxf6 35. Re2 Rxa4 36. Qf4 Ra1+ 37. Kf2 Kg7 38. Qg4+ Kf7 39. Qh5+ Kg7 40.
Re7+ Kg8 41. Qf7+ Kh8 42. Qg7# 1-0

[Event "*** Titled Tuesday 3|2 Blitz"]
[Site "Chess.com"]
[Date "2015.12.01"]
[Round "2"]
[White "GrigorGrigorov"]
[Black "Gabrielian_Artur"]
[Result "0-1"]
[WhiteElo "2528"]
[BlackElo "2538"]
[TimeControl "180+2"]
[EndTime "17:21:44 PST"]
[Termination "Gabrielian_Artur won by checkmate"]

1. d4 Nf6 2. c4 c5 3. d5 e6 4. Nc3 exd5 5. cxd5 d6 6. Nf3 g6 7. Bf4 a6 8. a4 Bg7 9. e4 O-O 10. Be2 Bg4 11. O-O Re8 12. Nd2 Bxe2 13. Qxe2 Nh5 14. Be3 Nd7 15. g4 Nhf6 16. f3 Ne5 17. Kh1 h5 18. g5 Nh7 19. f4 Nd7 20. e5 dxe5 21. f5 e4 22. Ncxe4 Ne5 23. d6 Ng4 24. fxg6 fxg6 25.
Qc4+ Kh8 26. Bf4 Rc8 27. Qf7 Nf8 28. Rae1 Qd7 29. Qd5 Ne6 30. Nc4 Nxf4 31. Rxf4 Rf8 32. Ref1 Rxf4 33. Rxf4 Qxa4 34. d7 Rd8 35. Ned6 Qa1+ 36.
Kg2 b5 37. Nf7+ Kh7 38. Nxd8 bxc4 39. Ne6 Ne3+ 40. Kf3 Nxd5 41. d8=Q Qf1+ 42. Ke4 Qd3# 0-1

[Event "*** Titled Tuesday 3|2 Blitz"]
[Site "Chess.com"]
[Date "2015.12.01"]
[Round "2"]
[White "cheese111"]
[Black "gmjoey1"]
[Result "0-1"]
[WhiteElo "2201"]
[BlackElo "2430"]
[TimeControl "180+2"]
[EndTime "17:21:48 PST"]
[Termination "gmjoey1 won by resignation"]

1. e4 c6 2. d4 d5 3. Nd2 dxe4 4.
Nxe4 Nf6 5. Nxf6+ exf6 6. c3 Bd6 7. Bd3 O-O 8. Ne2 Re8 9. Qc2 g6 10. Be3 Nd7 11. O-O-O Qc7 12. h4 Nf8 13. h5 b5 14. Kb1 Be6 15. Bh6 a5 16. Ng3 f5 17.
Qd2 Bxg3 18. fxg3 Qd8 19. Bg5 Qd5 20. b3 a4 21. Bc2 axb3 22. Bxb3 Qd6 23. Bf4 Qa3 24.
Qb2 Bxb3 25. axb3 Qa6 26. Be5 Nd7 27. hxg6 fxg6 28. Rde1 Nxe5 29. dxe5 Re7 30. Re2 Rea7 31. Rhe1 b4 32. c4 Qa1+ 33. Qxa1 Rxa1+ 34. Kc2 Rxe1 35. Rxe1 Kf7 36. Kd3 c5 37. Re2 Ke6 38. Rb2 Ra3 39. Ke3 Kxe5 40. Kd3 g5 41. Ke3 f4+ 42. gxf4+ gxf4+ 43. Kd3 h5 44. Rb1 Kf5 45. Rb2 h4 46. Rb1 Ra2 47. Rg1 Rb2 48. Rh1 Rxb3+ 49. Kd2 Rc3 50.
Rxh4 Rxc4 0-1

[Event "*** Titled Tuesday 3|2 Blitz"]
[Site "Chess.com"]
[Date "2015.12.01"]
[Round "2"]
[White "Anton_Demchenko"]
[Black "dretch"]
[Result "0-1"]
[WhiteElo "2661"]
[BlackElo "2436"]
[TimeControl "180+2"]
[EndTime "17:21:50 PST"]
[Termination "dretch won by resignation"]

1. e4 e6 2. d4 d5 3. Nc3 Nf6 4. e5 Nfd7 5. Nce2 c5 6. c3 Nc6 7. f4 b5 8. a3 b4 9. axb4 cxb4 10. Nf3 Be7 11. Ng3 O-O 12. Bd3 g6 13. h4 a5 14. h5 Ba6 15. hxg6 fxg6 16. Be3 Bxd3 17. Qxd3 Rf7 18. Nh2 Bh4 19. Bd2 h5 20. Ke2 Nf8 21.
Ngf1 Rh7 22. g4 Be7 23. gxh5 Rxh5 24. Ng3 Rh4 25. Rag1 bxc3 26. bxc3 Qc8 27. Kf2 Kf7 28. Nf3 Rxh1 29. Rxh1 Qa6 30. Qc2 a4 31. f5 gxf5 32.
Nxf5 exf5 33. Qxf5+ Ke8 34. Rh8 Nd8 35. Bg5 Qe6 36. Qf4 Nf7 37. Bxe7 Qxe7 38. Rg8 a3 39. e6 Qxe6 40. Ng5 Qe7 41. Nh7 Kd7 42. Nf6+ Kc6 43. c4 a2 44. Nxd5 Qd6 45. Qxf7 a1=Q 46. Ne7+ Qxe7 47.
Qxe7 Ra2+ 48. Kf3 Qf1+ 49. Kg4 Rg2+ 0-1

[Event "*** Titled Tuesday 3|2 Blitz"]
[Site "Chess.com"]
[Date "2015.12.01"]
[Round "2"]
[White "Tirantes"]
[Black "ntmh281"]
[Result "1-0"]
[WhiteElo "2237"]
[BlackElo "2070"]
[TimeControl "180+2"]
[EndTime "17:21:52 PST"]
[Termination "Tirantes won on time"]

1. c4 Nf6 2. Nc3 e6 3. Nf3 d5 4. d4 c6 5. e3 Nbd7 6. b3 Bb4 7.
Bd2 O-O 8. Qc2 Qe7 9. Rd1 Re8 10. Be2 e5 11. dxe5 Nxe5 12. cxd5 cxd5 13. O-O Bd6 14.
Nb5 Bb8 15. Bc3 Neg4 16. h3 Nxe3 17. Bxf6 Nxc2 18. Bxe7 Rxe7 19. Rxd5 Bd7 20. Rfd1 Be8 21. Bc4 a6 22. Nbd4 Nb4 23. Rg5 h6 24. Nf5 hxg5 25.
Nxe7+ Kf8 26. Nd5 Nxd5 27. Bxd5 Bf4 28. g3 Bc7 29. Bxb7 Ra7 30. Bd5 f6 31. Bc4 Bh5 32. g4 Bg6 33. Nd4 Be5 34. Ne6+ Ke7 35. Nxg7 a5 36.
Ne6 a4 37. Nc5 axb3 38. Bxb3 Rc7 39. Rc1 Bd4 40. Nd3 Rd7 41. Nb4 1-0

[Event "*** Titled Tuesday 3|2 Blitz"]
[Site "Chess.com"]
[Date "2015.12.01"]
[Round "2"]
[White "Alliswell998"]
[Black "Fandorine"]
[Result "1-0"]
[WhiteElo "2126"]
[BlackElo "2520"]
[TimeControl "180+2"]
[EndTime "17:21:58 PST"]
[Termination "Alliswell998 won by resignation"]

1. e4 c6 2. d4 d5 3. exd5 cxd5 4. Bd3 Nc6 5. c3 g6 6. Nf3 Bg7 7.
Bf4 Nf6 8. Nbd2 O-O 9. O-O Bf5 10. Bxf5 gxf5 11. Ne5 e6 12. Qe2 Ne4 13. Nxc6 bxc6 14. f3 Nd6 15. Be5 f6 16. Bg3 Re8 17. Nb3 e5 18.
Qc2 f4 19. Bf2 Qd7 20. Nc5 Qf5 21. Qa4 Rac8 22. Rae1 Nc4 23. Re2 Bh6 24. b3 Ne3 25. Rfe1 Kh8 26. Kh1 Rg8 27. Bxe3 fxe3 28. Qxa7 Rg7 29.
Qa6 Rcg8 30. Qxc6 exd4 31. cxd4 Re7 32. b4 Bf4 33. g4 Qg6 34. Qxd5 Rb8 35. a3 Qh6 36.
Ne4 Rf8 37. Qf5 Ra7 38. Ra1 Kg7 39. Nc5 Re8 40. Ne6+ Rxe6 41. Qxe6 Qh3 42. Qe4 Rxa3 43. Rg1 Qh6 44. b5 Qg5 45. Qe7+ Kg6 46. Qxa3 Qh5 47. gxh5+ 1-0

[Event "*** Titled Tuesday 3|2 Blitz"]
[Site "Chess.com"]
[Date "2015.12.01"]
[Round "2"]
[White "Iball95"]
[Black "Hikaru"]
[Result "0-1"]
[WhiteElo "2419"]
[BlackElo "2909"]
[TimeControl "180+2"]
[EndTime "17:22:02 PST"]
[Termination "Hikaru won by resignation"]

1. e4 e5 2. Nf3 Nc6 3. Nc3 Nf6 4.
Bb5 Nd4 5. Nxd4 exd4 6. e5 dxc3 7. exf6 Qxf6 8. dxc3 Qe5+ 9. Qe2 Qxe2+ 10. Bxe2 d5 11. Be3 Be6 12. O-O-O O-O-O 13. Rhe1 Bd6 14. h3 Rhe8 15. Bf3 Bf8 16. a3 a5 17. Bg5 f6 18. Bf4 g6 19. Be3 c5 20. Bf4 b6 21.
Re2 d4 22. cxd4 cxd4 23. Rde1 Bd7 24. Rxe8 Rxe8 25. Rxe8+ Bxe8 26. Kd2 Bc5 27. Bd5 h5 28. h4 Kd7 29. Kd3 Ke7 30. Kc4 d3 31. Kxd3 Bxf2 32. g3 g5 33. hxg5 fxg5 34. Bxg5+ Kd6 35. Bg2 Bxg3 36.
Ke2 h4 37. Bh3 Bh5+ 38. Ke3 Bg6 39. c3 Kd5 40. Bd8 Kc6 41. Bg2+ Kb5 42. a4+ Kxa4 43. Bxb6 Kb5 44. Bd8 a4 45. Bf1+ Kc6 46. Bg2+ Kc5 47.
Be7+ Kc4 48. Ba3 Bf5 49. Bf1+ Kb3 50. Bg2 Be6 51. Be4 h3 52. Kf3 Be5 53. Kf2 Bxc3 54.
bxc3 Kxa3 55. Bc2 Bb3 56. Bd3 Kb2 57. Kg3 a3 58. c4 a2 59. c5 a1=Q 60. Bb1 0-1

[Event "*** Titled Tuesday 3|2 Blitz"]
[Site "Chess.com"]
[Date "2015.12.01"]
[Round "2"]
[White "dawnrule"]
[Black "Thomaslegend"]
[Result "1-0"]
[WhiteElo "2226"]
[BlackElo "2119"]
[TimeControl "180+2"]
[EndTime "17:22:17 PST"]
[Termination "dawnrule won by checkmate"]

1. e4 e5 2. Nf3 Nc6 3. Bb5 a6 4. Ba4 Nf6 5. O-O Be7 6. Re1 b5 7. Bb3 d6 8. h3 O-O 9. c3 Nb8 10. d4 Nbd7 11. Nbd2 c5 12. a4 Bb7 13. d5 c4 14. Bc2 Qc7 15. Nf1 Nc5 16. Ng3 g6 17.
Bh6 Rfe8 18. h4 Bf8 19. Qd2 Nxa4 20. Bxa4 bxa4 21. h5 Bc8 22. Bxf8 Rxf8 23. Qg5 Qd8 24. Rxa4 Nxh5 25. Qxd8 Rxd8 26. Nxh5 gxh5 27. Rxc4 Bd7 28. Ra1 Rdc8 29. Nd2 Bb5 30. Rb4 Bd3 31. Ra3 f5 32.
exf5 Bxf5 33. Rb6 Rab8 34. Raxa6 Rxb6 35. Rxb6 Rd8 36. Nc4 Be4 37. Rxd6 Rxd6 38. Nxd6 Bxd5 39. c4 Be6 40. b4 Kf8 41. c5 Ke7 42. f3 Bd5 43.
Kf2 Kd7 44. Ke3 Kc6 45. g3 h6 46. f4 exf4+ 47. Kxf4 Be6 48. Ke5 Bg4 49. Kd4 Be2 50.
b5+ Kd7 51. Nc4 Bf1 52. c6+ Kc7 53. Kc5 Bg2 54. b6+ Kb8 55. c7+ Kc8 56. Nd6+ Kd7 57. c8=Q+ Ke7 58. Qe8+ Kf6 59. Qf7+ Kg5 60. Qf4+ Kg6 61.
Qf5+ Kg7 62. Qf7+ Kh8 63. Nf5 Be4 64. Qg7# 1-0

[Event "*** Titled Tuesday 3|2 Blitz"]
[Site "Chess.com"]
[Date "2015.12.01"]
[Round "2"]
[White "Fh2411"]
[Black "pedromartinez91"]
[Result "1-0"]
[WhiteElo "2294"]
[BlackElo "2176"]
[TimeControl "180+2"]
[EndTime "17:22:32 PST"]
[Termination "Fh2411 won by resignation"]

1. e4 c5 2. Nf3 Nc6 3. Bb5 d6 4. O-O Bd7 5. Re1 a6 6. Bxc6 Bxc6 7. d4 cxd4 8. Nxd4 Nf6 9. Nc3 e6 10. b3 Be7 11. Bb2 Rc8 12. Qd3 b5 13. Nxc6 Rxc6 14. a4 b4 15. Na2 a5 16. Qb5 Qb6 17. c4 O-O 18. Bd4 Qa6 19. Nc1 Nd7 20. Qxa6 Rxa6 21. Nd3 Nc5 22. Bxc5 dxc5 23. e5 Rd8 24. Rad1 Raa8 25. g3 Rd4 26. f4 g5 27. Kf2 Rad8 28.
Ke3 gxf4+ 29. gxf4 f5 30. exf6 Bxf6 31. Rg1+ Kf7 32. Nf2 Bh4 33. Nd3 Bf6 34. Nf2 Ke7 35. Kf3 Rxd1 36. Rxd1 Bd4 37. Ne4 Rg8 38. Ng3 h6 39. Ke4 Rg4 40. Kf3 Rh4 41. Rd2 Kf6 42. Rg2 e5 43. Ne2 Rh3+ 44. Ng3 exf4 45. Kxf4 Be5+ 46. Kg4 Rxg3+ 47. hxg3 Bd4 48. Rh2 Be3 49. Re2 Bd4 50. Re8 Bc3 51. Rc8 Ke5 52. Rxc5+ Ke4 53.
Rxa5 Kd3 54. Rd5+ Kc2 55. a5 Kxb3 56. a6 Kxc4 57. a7 Kxd5 58. a8=Q+ 1-0

[Event "*** Titled Tuesday 3|2 Blitz"]
[Site "Chess.com"]
[Date "2015.12.01"]
[Round "2"]
[White "JustKid"]
[Black "Po6Don"]
[Result "1-0"]
[WhiteElo "2110"]
[BlackElo "1970"]
[TimeControl "180+2"]
[EndTime "17:22:55 PST"]
[Termination "JustKid won by checkmate"]

1. e4 e5 2. Nf3 Nc6 3. Bb5 Nd4 4.
Nxd4 exd4 5. c3 Qg5 6. Bf1 Bc5 7. d3 Qf6 8. c4 d6 9. a3 a5 10. g3 h5 11. h3 Ne7 12. Bg2 h4 13. O-O Ng6 14.
g4 Nf4 15. Qf3 g5 16. Bxf4 gxf4 17. Nd2 Qe5 18. Qe2 f6 19. Nf3 Qe7 20. Qd2 Bd7 21. b4 Bb6 22. Qxf4 O-O-O 23. Rfc1 Rdg8 24. c5 dxc5 25. bxc5 Bxc5 26. Nxd4 Bd6 27. Qf3 Qe5 28.
Nf5 Qh2+ 29. Kf1 Bxf5 30. exf5 c6 31. Rab1 Qf4 32. Qe2 Re8 33. Qb2 Re7 34. Qxf6 Rhe8 35. Rc2 Qe5 36. Qxe5 Rxe5 37. Bf3 Bxa3 38. Kg2 Be7 39.
Be4 Bg5 40. Rf1 Rb5 41. f4 Be7 42. g5 Rg8 43. Kf3 a4 44. f6 Bd8 45. f7 Rf8 46. g6 Bf6 47. Rg1 Bg7 48. f5 a3 49. Ra2 Ra5 50. f6 Bxf6 51. g7 Bxg7 52. Rxg7 Kc7 53. Bg6 Rg5 54. Rg8 Rg3+ 55. Ke4 Rxg6 56. Rxf8 Re6+ 57. Kf5 Re7 58. Rc8+ Kxc8 59. f8=Q+ Kd7 60. Rxa3 Kc7 61. Qxe7+ Kb6 62. Rb3+ Ka5 63. Qxb7 c5 64. Qb5# 1-0

[Event "*** Titled Tuesday 3|2 Blitz"]
[Site "Chess.com"]
[Date "2015.12.01"]
[Round "2"]
[White "ArnaudovP"]
[Black "StellarChessPro"]
[Result "1-0"]
[WhiteElo "2318"]
[BlackElo "2257"]
[TimeControl "180+2"]
[EndTime "17:23:31 PST"]
[Termination "ArnaudovP won by resignation"]

1. Nf3 d5 2. c4 c6 3. g3 Nf6 4.
Bg2 e6 5. O-O dxc4 6. a4 Be7 7.
Na3 O-O 8. Nxc4 Nbd7 9. b3 Nb6 10. Bb2 Nxc4 11. bxc4 a5 12. d3 Bd7 13. Bc3 Be8 14. Rb1 Qc7 15. Qb3 Rb8 16. Rb2 Nd7 17. d4 b6 18. e3 Bd6 19. Qc2 f6 20. Nd2 Bf7 21. Rfb1 Rbc8 22. Nb3 e5 23. c5 bxc5 24.
dxc5 Nxc5 25. Nxa5 Bg6 26. e4 Ra8 27. Rb6 Ra6 28.
Rxa6 Nxa6 29. Qb3+ Bf7 30. Qb6 Qxb6 31. Rxb6 Nc5 32.
Rxc6 Nxa4 33. Rxd6 Nxc3 34. Nc6 Ra8 35. Rd8+ Rxd8 36. Nxd8 Bc4 37. f3 Ne2+ 38. Kf2 Nd4 39. Nb7 Kf8 40. f4 Ke7 41. Na5 Bb5 42. Bf1 Bxf1 43.
Kxf1 Kd6 44. Kf2 Ne6 45. Ke3 Nc5 46. Nc4+ Ke6 47. f5+ Kd7 48. h4 Nb7 49. g4 Nd6 50. Nd2 Kc6 51. Nf3 Kc5 52. g5 Nc4+ 53. Kf2 Nd6 54.
Ke3 Nc4+ 55. Kd3 Nb2+ 56. Ke2 Nc4 57. h5 Kd6 58. g6 hxg6 59. fxg6 Ke7 60. Nh4 Nd6 61.
Kd3 Ke6 62. Ke3 Ke7 63. Kd3 Kf8 64. Nf3 f5 65. Nxe5 fxe4+ 66. Ke3 Ke7 67. Kf4 Kf6 68. Ng4+ Ke7 69. Nf2 Kf6 70. Ng4+ Ke7 71. Ke5 Ne8 72.
Kxe4 Ke6 73. Kf4 Nc7 74. Kg5 Ne8 75. Ne3 Nd6 76. Ng2 Ne4+ 77. Kf4 Nf6 78. Kg5 Ne4+ 79. Kh4 Kf5 80. Ne3+ Kf4 81. h6 gxh6 82. g7 Nf6 83.
Nd5+ Kf5 84. Nxf6 1-0

[Event "*** Titled Tuesday 3|2 Blitz"]
[Site "Chess.com"]
[Date "2015.12.01"]
[Round "2"]
[White "jcibarra"]
[Black "E-Shaposhnikov"]
[Result "1-0"]
[WhiteElo "2516"]
[BlackElo "2492"]
[TimeControl "180+2"]
[EndTime "17:23:32 PST"]
[Termination "jcibarra won on time"]

1. e4 c5 2. b3 Nf6 3. e5 Nd5 4. Bb2 g6 5. Nf3 Bg7 6. d4 cxd4 7. Qxd4 e6 8. c4 Nc6 9. Qd2 Nde7 10. Na3 Nf5 11.
c5 O-O 12. Nc4 b6 13. cxb6 axb6 14. Bd3 b5 15. Nd6 Nxe5 16. Nxe5 Nxd6 17. O-O Bb7 18.
Rfe1 Nf5 19. Bxb5 d6 20. Ng4 Qh4 21. h3 h5 22. Nh2 Bxb2 23. Qxb2 Qg5 24. Bf1 Nh4 25.
Qc1 Qxc1 26. Rexc1 Rfc8 27. a4 Nf5 28. Rd1 Bd5 29. Rdb1 Nd4 30. b4 Nc2 31. a5 Nxa1 32. Rxa1 Rcb8 33. b5 Kg7 34. Nf3 Bxf3 35. gxf3 d5 36.
Bd3 Kf6 37. a6 Ke5 38. Rc1 Ra7 39. Rc6 Kd4 40. Bf1 Raa8 41. b6 Ke5 42. b7 Ra7 43.
Rc8 Rbxb7 44. axb7 Rxb7 45. Rc1 Rb2 46. Kg2 Kf6 47. Rd1 h4 48. Rd4 Kg5 49. Rg4+ Kh5 50. f4 f5 51. Rg5+ Kh6 52. Ba6 Rb8 53. Kh2 Rb4 54.
Bc8 Rxf4 55. Rg2 Re4 56. Bd7 g5 57. Rg1 Kg6 58. Rc1 Kf6 59. Kg2 g4 60. hxg4 Rxg4+ 61.
Kh2 Rf4 62. Kg2 Ke7 63. Bc8 1-0